 Dungeon Crawl Stone Soup version 0.29-a0-378-gc08b2e8bf8 (webtiles) character file.

Game seed: 1469146280428111796

19 domi the Magician (level 2, -2/19 HPs)
             Began as a Demonspawn Hedge Wizard on May 4, 2022.
             Slain by an endoplasm (3 damage)
             ... on level 1 of the Dungeon.
             The game lasted 00:00:59 (1288 turns).

domi the Magician (Demonspawn Hedge Wizard)         Turns: 1288, Time: 00:01:00

Health: -2/19      AC:  2    Str: 10    XL:     2   Next: 55%
Magic:  6/6        EV: 12    Int: 15    God:
Gold:   34         SH:  0    Dex: 12    Spells: 6/7 levels left

rFire   . . .      SeeInvis .   a - +0 dagger
rCold   . . .      Faith    .   (no shield)
rNeg    . . .      Spirit   .   b - +0 robe
rPois   .          Reflect  .   c - +0 hat
rElec   .          Harm     .   (no cloak)
rCorr   .          Rampage  .   (no gloves)
Will    .....                   (no boots)
Stlth   ++........              (no amulet)
HPRegen 0.06/turn               (no ring)
MPRegen 0.10/turn               (no ring)

@: no status effects
A: antennae 1
a: no special abilities


You were on level 1 of the Dungeon.
You visited 1 branch of the dungeon, and saw 1 of its levels.

You collected 34 gold pieces.

Inventory:

Hand Weapons
 a - a +0 dagger (weapon)
Armour
 b - a +0 robe (worn)
 c - a +0 hat (worn)
 k - a +0 pair of gloves
   (You found it on level 1 of the Dungeon)
Scrolls
 g - a scroll of amnesia {unknown}
 h - a scroll of enchant armour {unknown}
 i - 2 scrolls of enchant weapon {unknown}
Potions
 d - a potion of magic
 e - a potion of berserk rage {unknown}
 f - a potion of mutation {unknown}
 j - a potion of brilliance {unknown}
 l - a potion of attraction {unknown}


   Skills:
 - Level 1.7 Dodging
 - Level 1.7 Stealth
 - Level 3.0 Spellcasting
 + Level 2.6 Conjurations
 - Level 1.0 Summonings
 - Level 0.8 Translocations


You had 6 spell levels left.
You knew the following spells:

 Your Spells              Type           Power      Damage    Failure   Level
z - Magic Dart            Conj           40%        1d5       7%          1

Your spell library contained the following spells:

 Spells                   Type           Power      Damage    Failure   Level
 Slow                     Hex            8%         N/A       21%         1
 Call Imp                 Summ           5%         N/A       21%         2
 Blink                    Tloc           8%         N/A       22%         2
 Conjure Flame            Conj/Fire      6%         6-21      34%         3
 Mephitic Cloud           Conj/Pois/Air  4%         N/A       38%         3
 Portal Projectile        Hex/Tloc       6%         N/A       45%         3
 Blade Hands              Tmut           1%         N/A       99%         5
 Excruciating Wounds      Necr           1%         N/A       99%         5


Dungeon Overview and Level Annotations

Branches:
Dungeon (1/15)

Altars:


Innate Abilities, Weirdness & Mutations

You have a pair of small antennae on your head.


Message History

You kill the goblin!
An endoplasm comes into view.
An endoplasm is nearby!
Things that are here:
a +0 club; a goblin corpse An endoplasm is nearby!
An endoplasm is nearby!
You barely miss the endoplasm. The endoplasm freezes you.
You are frozen.
An endoplasm is nearby!
You take 4 damage, and have 15/19 hp.
MASSIVE DAMAGE!!
You hit the endoplasm but do no damage. The endoplasm freezes you.
You are frozen.
You take 2 damage, and have 13/19 hp.
An endoplasm is nearby!
You barely miss the endoplasm. Your punch misses the endoplasm.
The endoplasm closely misses you.
An endoplasm is nearby!
You hit the endoplasm. You punch the endoplasm.
You kill the endoplasm!
Things that are here:
a +0 club; a goblin corpse You see here a +0 club.
An endoplasm comes into view.
An endoplasm comes into view.
Health restored: 19
There are monsters nearby!
There are monsters nearby!
There are monsters nearby!
A ball python comes into view.
There are monsters nearby!
You hit the endoplasm but do no damage. The endoplasm freezes you.
You are frozen.
You take 3 damage, and have 16/19 hp.
There are monsters nearby!
You hit the endoplasm. The endoplasm closely misses you.
There are monsters nearby!
You hit the endoplasm.
You kill the endoplasm!
There are monsters nearby!
There are monsters nearby!
The ball python bites you. The ball python barely misses you.
You take 3 damage, and have 13/19 hp.
There are monsters nearby!
You hit the ball python but do no damage.
The ball python closely misses you. The ball python completely misses you.
There are monsters nearby!
You hit the ball python.
You kill the ball python!
The endoplasm hits you.
You take 2 damage, and have 11/19 hp.
An endoplasm is nearby!
You are too injured to fight recklessly!
An endoplasm is nearby!
You are too injured to fight recklessly!
An endoplasm is nearby!
You are too injured to fight recklessly!
An endoplasm is nearby!
You are too injured to fight recklessly!
An endoplasm is nearby!
You are too injured to fight recklessly!
Unknown command.
An endoplasm is nearby!
You are too injured to fight recklessly!
An endoplasm is nearby!
You are too injured to fight recklessly!
An endoplasm is nearby!
You are too injured to fight recklessly!
An endoplasm is nearby!
You are too injured to fight recklessly!
An endoplasm is nearby!
You are too injured to fight recklessly!
An endoplasm is nearby!
You are too injured to fight recklessly!
An endoplasm is nearby!
You are too injured to fight recklessly!
Unknown command.
An endoplasm is nearby!
The endoplasm freezes you.
You are frozen.
You take 4 damage, and have 7/19 hp.
MASSIVE DAMAGE!!
The endoplasm barely misses you. The endoplasm closely misses you.
The endoplasm freezes you.
You are frozen.
You take 1 damage, and have 6/19 hp.
The endoplasm hits you.
* * * LOW HITPOINT WARNING * * *
You take 2 damage, and have 4/19 hp.
The endoplasm hits you.
* * * LOW HITPOINT WARNING * * *
You take 3 damage, and have 1/19 hp.
The endoplasm hits you but does no damage.
The endoplasm hits you.
You die...

####### #.....# #.###.#
#.# #.# ######### #.#
#.# #.......#
#.###.#######.......#
......).........>...+.#.
#.###.#######...........
..###.##### #...@....♣
..........# #...J...♣♣
..###...#.# ####...♣♣
..# #.#.#.# #..♣♣ ..#
#.#...# #.♣♣ ### #.#...#
#.♣ #.#...# #.♣ #.#...#
#.. #.#...#


You could see an endoplasm.

Vanquished Creatures
  A dart slug (D:1)
  5 endoplasms (D:1)
  2 goblins (D:1)
  2 hobgoblins (D:1)
  A quokka (D:1)
  A ball python (D:1)
  A bat (D:1)
  2 frilled lizards (D:1)
  A rat (D:1)
16 creatures vanquished.

Notes
Turn   | Place    | Note
-------+----------+-------------------------------------------
     0 | D:1      | domi the Demonspawn Hedge Wizard began the quest for the
                  | Orb.
     0 | D:1      | Reached XP level 1. HP: 13/13 MP: 4/4
   406 | D:1      | Reached skill level 2 in Conjurations
   592 | D:1      | Discovered your monstrous ancestry.
   592 | D:1      | Gained mutation: You have a pair of small antennae on your
                  | head. [demonic ancestry]
   592 | D:1      | Reached XP level 2. HP: 19/19 MP: 0/6
  1285 | D:1      | HP: 4/19 [endoplasm (2)]
  1286 | D:1      | HP: 1/19 [endoplasm (3)]
  1288 | D:1      | Slain by an endoplasm

Illustrated notes

Levels and vault maps discovered:
D:1:      scummos_arrival_simple_fountains, layout_basic,
          dilly_ecumenical_altar_fadedgnrine

Skill      XL: |  1 |
---------------+----+-----
Conjurations   | 2 |  2.6
Dodging        | |  1.7
Stealth        | |  1.7
Spellcasting   | |  3.0
Summonings     | |  1.0
Translocations | |  0.8

Action                   || total
-------------------------++-------
Melee: Dagger            ||    42
       Punch             ||     1
 Cast: Magic Dart        ||    18
 Stab: Sleeping          ||     1
Armor: Robe              ||     6
Dodge: Dodged            ||    28

Table legend: (Time is in decaauts)
 A = Elapsed time spent in this place.
 B = Non-inter-level travel time spent in this place.
 C = Inter-level travel time spent in this place.
 D = Time resting spent in this place.
 E = Time spent auto-exploring this place.
 F = Levels seen in this place.
 G = Mean time per level.
                   A        B        C        D        E       F      G
               +--------+--------+--------+--------+--------+-----+--------+
         Total |   1288 |   1288 |      0 |      0 |   1136 |   1 | 1288.0 |
       Dungeon |   1288 |   1288 |      0 |      0 |   1136 |   1 | 1288.0 |
               +--------+--------+--------+--------+--------+-----+--------+

Top non-repeatable levels by time:
     D:1: 1288 daAuts

Table legend:
 A = Kills in this place as a percentage of kills in entire the game.
 B = Kills by you in this place as a percentage of kills by you in the entire game.
 C = Kills by friends in this place as a percentage of kills by friends in the entire game.
 D = Other kills in this place as a percentage of other kills in the entire game.
 E = Experience gained in this place as a percentage of experience gained in the entire game.
 F = Experience gained in this place divided by the number of levels of this place that you have seen.
                   A       B       C       D       E      F
               +-------+-------+-------+-------+-------+----------------------
         Total | 100.0 | 100.0 |   N/A |   N/A | 100.0 |  28.0
       Dungeon | 100.0 | 100.0 |   N/A |   N/A | 100.0 |  28.0
               +-------+-------+-------+-------+-------+----------------------
